 Dungeon Crawl Stone Soup version 0.27-a0-650-g8dd3ea4f36 (webtiles) character file.

Game seed: 10565207359064833667

55 lunkers the Skirmisher (level 3, -8/39 HPs)
             Began as an Ogre Warper on Mar 15, 2021.
             Mangled by Sigmund
             ... wielding a +3 vampiric scythe
              (12 damage)
             ... on level 2 of the Dungeon.
             The game lasted 00:03:15 (2266 turns).

lunkers the Skirmisher (Ogre Warper)                Turns: 2266, Time: 00:03:16

Health: -8/39      AC:  3    Str: 16    XL:     3   Next: 93%
Magic:  6/6        EV:  9    Int: 14    God:
Gold:   36         SH:  0    Dex:  8    Spells: 6/6 levels left

rFire    . . .     SeeInvis .   a - +0 mace
rCold    . . .     Faith    .   (no shield)
rNeg     . . .     Spirit   .   b - +0 robe
rPois    .         Reflect  .   (helmet restricted)
rElec    .         Harm     .   (no cloak)
rCorr    .         Rampage  .   (gloves unavailable)
Will     .....                  (boots unavailable)
Stlth    +.........             (no amulet)
HPRegen  0.13/turn              (no ring)
MPRegen  0.10/turn              (no ring)

@: confused
A: large, unfitting armour, tough skin 1
a: no special abilities


You were on level 2 of the Dungeon.
You visited 1 branch of the dungeon, and saw 2 of its levels.

You collected 36 gold pieces.

Inventory:

Hand Weapons
 a - a +0 mace (weapon)
Missiles
 e - 5 boomerangs of dispersal
 h - 23 stones (quivered)
Armour
 b - a +0 robe (worn)
Jewellery
 i - a ring of ice
Scrolls
 c - 2 scrolls of identify {unknown}
 d - a scroll of blinking
 k - a scroll of magic mapping {unknown}
 l - a scroll of enchant armour {unknown}
 m - a scroll of teleportation {unknown}
Potions
 f - a potion of cancellation {unknown}
 g - a potion of mutation {unknown}
 j - a potion of brilliance {unknown}


   Skills:
 + Level 3.8 Fighting
 * Level 3.2 Maces & Flails
 - Level 1.0 Throwing
 - Level 2.1 Dodging
 - Level 2.4 Spellcasting
 - Level 2.6 Translocations


You had 6 spell levels left.
You didn't know any spells.
Your spell library contained the following spells:

 Spells                   Type           Power      Damage    Failure   Level
 Blink                    Tloc           N/A        N/A       12%         2
 Gell's Gravitas          Tloc           4%         N/A       22%         3
 Lesser Beckoning         Tloc           4%         N/A       22%         3
 Teleport Other           Tloc           9%         N/A       22%         3
 Manifold Assault         Tloc           9%         N/A       58%         4


Dungeon Overview and Level Annotations

Branches:
Dungeon (2/15)

Altars:

Annotations:
D:2 Sigmund


Innate Abilities, Weirdness & Mutations

You are too large for most types of armour.
You have tough skin. (AC +1)


Message History

You feel sick.
You feel sick.
You feel sick.
You start resting.
You feel sick. x2
You are no longer poisoned.
HP restored.
Sigmund the Dreaded comes into view.
He is wielding a +3 vampiric scythe.
Sigmund shouts!
Okay, then.
You throw a stone. The stone hits Sigmund.
Sigmund is lightly wounded.
Sigmund points at himself and mumbles some strange words.
Sigmund flickers and vanishes!
Deactivating autopickup; reactivate with Ctrl-A.
No target in view!
Something hits you!
You see here a bat skeleton.
You hear some strange, mumbled words.
Something tries to affect you, but you resist.
You hear some strange, mumbled words.
You are confused.
Something tries to affect you, but you resist.
Something hits you!
* * * LOW HITPOINT WARNING * * *
You hear some strange, mumbled words.
Something tries to affect you, but you resist.
You hear some strange, mumbled words.
You are more confused.
Unknown command.
You bump into the rock wall.
Something hits you.
* * * LOW HITPOINT WARNING * * *
You hear some strange, mumbled words.
Something tries to affect you, but you resist.
You bump into the rock wall.
Something hits you!
* * * LOW HITPOINT WARNING * * *
Something hits you.
* * * LOW HITPOINT WARNING * * *
Something hits you!
You die...

#### #.. #.##### ..
########.....##..#
#....÷........#...
#@#######........# #.#
##.#.÷.......
#.####.#.#.......#
#############.#.....#.....#...
#.............#..##...........
#.#############.#.###.....#.#.
#<# #.##.#......#.# #.# #.#
#.#.).....# #.#
#..####.....###


There were no monsters in sight!

Vanquished Creatures
  2 adders (D:2)
  2 dart slugs (D:1)
  A giant cockroach (D:1)
  5 hobgoblins
  6 jackals (D:1)
  2 kobolds
  7 bats
  2 frilled lizards
  3 goblins
  2 rats (D:1)
32 creatures vanquished.

Vanquished Creatures (others)
  A plant (D:1)
1 creature vanquished.

Grand Total: 33 creatures vanquished

Notes
Turn   | Place    | Note
-------+----------+-------------------------------------------
     0 | D:1      | lunkers the Ogre Warper began the quest for the Orb.
     0 | D:1      | Reached XP level 1. HP: 22/22 MP: 3/3
   430 | D:1      | Reached XP level 2. HP: 29/31 MP: 5/5
   899 | D:1      | Reached XP level 3. HP: 23/37 MP: 6/6
  1600 | D:2      | Found a faded altar of an unknown god.
  2242 | D:2      | Noticed Sigmund
  2266 | D:2      | Mangled by Sigmund

Illustrated notes

Levels and vault maps discovered:
D:1:      grunt_arrival_lava_bath, layout_loops_corners, minmay_misc_feat_rows,
          serial_bayou_pond_c
D:2:      layout_loops_ring, chequers_ecumenical_altar_simple_redux,
          uniq_sigmund

Skill      XL: |  1  2  3 |
---------------+----------+-----
Maces & Flails | 2 3 |  3.2
Fighting       | 3 |  3.8
Throwing       | |  1.0
Dodging        | |  2.1
Spellcasting   | |  2.4
Translocations | |  2.6

Action                   || total
-------------------------++-------
Melee: Mace              ||   128
Throw: Stone             ||     1
Armor: Robe              ||    75
Dodge: Dodged            ||    68

Table legend: (Time is in decaauts)
 A = Elapsed time spent in this place.
 B = Non-inter-level travel time spent in this place.
 C = Inter-level travel time spent in this place.
 D = Time resting spent in this place.
 E = Time spent auto-exploring this place.
 F = Levels seen in this place.
 G = Mean time per level.
                   A        B        C        D        E       F      G
               +--------+--------+--------+--------+--------+-----+--------+
         Total |   2310 |   2279 |     31 |      7 |   1940 |   2 | 1155.0 |
       Dungeon |   2310 |   2279 |     31 |      7 |   1940 |   2 | 1155.0 |
               +--------+--------+--------+--------+--------+-----+--------+

Top non-repeatable levels by time:
     D:1: 1485 daAuts
     D:2: 825 daAuts
